 Dungeon Crawl Stone Soup version 0.27-a0-92-g39ad13b146 (webtiles) character file.

Game seed: 9573908032172122155

258 knot the Chopper (level 5, 61/61 HPs)
             Began as a Demonspawn Berserker on Jan 16, 2021.
             Was a Believer of Trog.
             Quit the game on level 2 of the Dungeon.
             The game lasted 00:02:14 (2093 turns).

knot the Chopper (Demonspawn Berserker)             Turns: 2093, Time: 00:02:14

Health: 61/61      AC:  3    Str: 18    XL:     5   Next: 94%
Magic:  5/5        EV: 12    Int:  9    God:    Trog [**....]
Gold:   58         SH:  0    Dex: 12    Spells: 4/4 levels left

rFire    . . .     SeeInvis .   a - +0 hand axe
rCold    . . .     Faith    .   (no shield)
rNeg     . . .     Spirit   .   b - +0 animal skin
rPois    .         Reflect  .   (helmet restricted)
rElec    .         Harm     .   h - scarf {shadows}
rCorr    .         Rampage  .   j - +0 pair of gloves
Will     .....                  (no boots)
Stlth    ..........             (no amulet)
HPRegen  0.20/turn              d - ring of attention (curse)
MPRegen  0.09/turn              (no ring)

@: berserking (expiring), very quick
A: horns 1, powered by death 1, powered by pain 1
a: Renounce Religion, Berserk, Trog's Hand


You were on level 2 of the Dungeon.
You worshipped Trog.
Trog was pleased with you.
You visited 1 branch of the dungeon, and saw 2 of its levels.

You collected 58 gold pieces.

Inventory:

Hand Weapons
 a - a +0 hand axe (weapon)
Missiles
 c - 15 poisoned darts (quivered)
 f - 101 stones
 l - 37 sling bullets
Armour
 b - a +0 animal skin (worn)
 h - a scarf of shadows (worn)
 j - a +0 pair of gloves (worn)
Jewellery
 d - a cursed ring of attention (left hand)
Scrolls
 e - 3 scrolls of identify {unknown}
 i - 2 scrolls of remove curse {unknown}
 m - 2 scrolls of blinking {unknown}
Potions
 g - a potion of magic {unknown}
 k - a potion of lignification {unknown}
 n - a potion of haste {unknown}
 o - a potion of brilliance {unknown}


   Skills:
 - Level 3.1 Fighting
 * Level 4.6 Axes
 * Level 3.3 Throwing
 - Level 2.0 Armour
 - Level 2.0 Dodging


You had 4 spell levels left.
You didn't know any spells.
Your spell library was empty.

Dungeon Overview and Level Annotations

Branches:
Dungeon (2/15)

Altars:
Fedhas


Innate Abilities, Weirdness & Mutations

You have a pair of small horns on your head.
You regenerate a little health from kills.
You sometimes gain a little power by taking damage.


Message History

You feel a strong urge to attack something.
A leopard gecko comes into view.
Sigmund closely misses you.
You slash Sigmund!
Sigmund is heavily wounded.
You barely miss Sigmund. You headbutt Sigmund!
Sigmund is almost dead.
Sigmund barely misses you.
You completely miss Sigmund. You headbutt Sigmund.
Sigmund is almost dead.
You hit Sigmund.
You kill Sigmund!
Trog accepts your kill.
Trog appreciates your killing of a magic user.
Your Axes skill increases to level 4!
Your Throwing skill increases to level 3!
You have reached level 5!
Your demonic ancestry asserts itself...
You feel energised by your suffering.
Are you sure you want to abandon this character and quit the game? (Confirm with "yes".)

#.# #.# #.#
#.#
#.##########
#.#
#..........#
##########.#
#.# #.#
#.#######
#.@)l((..
########.


You could see a leopard gecko.

Vanquished Creatures
  Sigmund (D:2)
  A gnoll (D:1)
  2 adders (D:2)
  4 dart slugs
  2 leopard geckos (D:1)
  11 bats
  A giant cockroach (D:2)
  7 hobgoblins
  3 jackals (D:1)
  5 kobolds
  A quokka (D:2)
  A ball python (D:1)
  4 frilled lizards
  2 goblins
  4 rats
49 creatures vanquished.

Vanquished Creatures (others)
  9 fungi
  3 plants (D:2)
12 creatures vanquished.

Grand Total: 61 creatures vanquished

Notes
Turn   | Place    | Note
-------+----------+-------------------------------------------
     0 | D:1      | knot the Demonspawn Berserker began the quest for the Orb.
     0 | D:1      | Reached XP level 1. HP: 18/18 MP: 1/1
    86 | D:1      | Gained mutation: You regenerate a little health from kills.
                  | [demonic ancestry]
    86 | D:1      | Reached XP level 2. HP: 17/24 MP: 2/2
   289 | D:1      | Reached skill level 3 in Axes
   594 | D:1      | Reached ** piety under Trog
   600 | D:1      | Reached skill level 1 in Throwing
   600 | D:1      | Gained mutation: You have a pair of small horns on your
                  | head. [demonic ancestry]
   600 | D:1      | Reached XP level 3. HP: 29/29 MP: 3/3
  1509 | D:2      | Reached XP level 4. HP: 20/35 MP: 4/4
  1998 | D:2      | Found a blossoming altar of Fedhas.
  2082 | D:2      | Noticed Sigmund
  2092 | D:2      | Killed Sigmund
  2093 | D:2      | Reached skill level 4 in Axes
  2093 | D:2      | Gained mutation: You sometimes gain a little power by
                  | taking damage. [demonic ancestry]
  2093 | D:2      | Reached XP level 5. HP: 41/41 MP: 5/5
  2093 | D:2      | Quit the game

Illustrated notes

Levels and vault maps discovered:
D:1:      minmay_arrival_plants_in_alcoves, layout_basic
D:2:      layout_loops_ring, fedhas_altar_3, uniq_sigmund

Skill      XL: |  1  2  3  4 |
---------------+-------------+-----
Armour         | 2 |  2.0
Dodging        | 2 |  2.0
Axes           | 3 4 |  4.6
Throwing       | 1 3 |  3.3
Fighting       | |  3.1

Action                   |  1- 3 |  4- 6 || total
-------------------------+-------+-------++-------
Melee: Hand axe          |   111 |    26 ||   137
       Headbutt          |     6 |     2 ||     8
Throw: Dart              |     1 |     7 ||     8
Invok: Berserk           |     1 |     1 ||     2
 Stab: Sleeping          |     2 |       ||     2
Armor: Animal skin       |    34 |     5 ||    39
Dodge: Dodged            |    91 |    11 ||   102

Table legend: (Time is in decaauts)
 A = Elapsed time spent in this place.
 B = Non-inter-level travel time spent in this place.
 C = Inter-level travel time spent in this place.
 D = Time resting spent in this place.
 E = Time spent auto-exploring this place.
 F = Levels seen in this place.
 G = Mean time per level.
                   A        B        C        D        E       F      G
               +--------+--------+--------+--------+--------+-----+--------+
         Total |   2122 |   2064 |     58 |    389 |   1332 |   2 | 1061.0 |
       Dungeon |   2122 |   2064 |     58 |    389 |   1332 |   2 | 1061.0 |
               +--------+--------+--------+--------+--------+-----+--------+

Top non-repeatable levels by time:
     D:1: 1257 daAuts
     D:2: 865 daAuts
